 Dungeon Crawl Stone Soup version 0.16.1-29-g3e760ad (webtiles) character file.

127 Max123 the Magician (level 4, -1/27 HPs)
             Began as a High Elf Wizard on June 5, 2015.
             Slain by a gnoll
             ... wielding a +0 spear
              (8 damage)
             ... on level 2 of the Dungeon on June 6, 2015.
             The game lasted 01:15:38 (4683 turns).

Max123 the Magician (High Elf Wizard)               Turns: 4683, Time: 01:15:38

Health: -1/27      AC:  2    Str:  6    XL:     4   Next: 85%
Magic:  10/16      EV: 13    Int: 22    God:
Gold:   123        SH:  0    Dex: 14    Spells: 3 memorised, 7 levels left

rFire  . . .     SeeInvis .     w - +5 short sword
rCold  . . .     Clarity  .     a - +0 robe
rNeg   . . .     SustAb   .     (no shield)
rPois  .         Gourm    .     b - +0 hat
rElec  .         Spirit   .     (no cloak)
rCorr  .         Warding  .     (no gloves)
rMut   .         Stasis   .     (no boots)
MR     +....                    (no amulet)
Stlth  ++........               (no ring)
                                g - ring of protection from magic

@: somewhat resistant to hostile enchantments, unstealthy
A: no striking features
a: no special abilities


You were on level 2 of the Dungeon.
You were hungry.

You visited 1 branch of the dungeon, and saw 2 of its levels.

You collected 123 gold pieces.

Inventory:

Hand weapons
 e - a +0 dagger
 p - a +0 short sword
 w - a +5 short sword (weapon)
Missiles
 d - 17 arrows
 f - 20 stones (quivered)
 r - 19 poisoned needles
 t - 3 javelins
Armour
 a - a +0 robe (worn)
 b - a +0 hat (worn)
 q - a +0 leather armour
Jewellery
 g - a ring of protection from magic (left hand)
Scrolls
 h - a scroll of random uselessness
 j - a scroll of recharging {unknown}
 k - 2 scrolls of identify {unknown}
 l - 2 scrolls of teleportation {unknown}
 n - a scroll of fear {unknown}
 u - a scroll of noise {unknown}
Potions
 o - a potion of lignification {unknown}
 s - a potion of curing {unknown}
Books
 c - a book of Minor Magic

   Spells                             Type                      Level
   a - Magic Dart                     Conjuration                  1
   b - Blink                          Translocation                2
   c - Call Imp                       Summoning                    2
   d - Repel Missiles                 Charms/Air                   2
   e - Slow                           Hexes                        2
   f - Conjure Flame                  Conjuration/Fire             3
   g - Mephitic Cloud                 Conjuration/Poison/Air       3
Comestibles
 i - 2 meat rations
 m - a bread ration
 v - a chunk of flesh


   Skills:
 + Level 0.5 Short Blades
 + Level 2.9 Dodging
 - Level 2.1 Stealth
 + Level 5.3 Spellcasting
 + Level 2.7 Conjurations
 + Level 0.8 Summonings
   Level 1.1 Translocations


You had 7 spell levels left.
You knew the following spells:

 Your Spells              Type           Power        Failure   Level  Hunger
a - Magic Dart            Conj           ###.         3%          1    None
b - Call Imp              Summ           #.......     12%         2    None
c - Mephitic Cloud        Conj/Pois/Air  #.......     21%         3    ##.....


Dungeon Overview and Level Annotations

Branches:
Dungeon (2/15)

Altars:
Ashenzari


Message History

The gnoll closely misses you.
The gnoll hits you from afar with a spear.
You are feeling hungry.
Casting: Magic Dart
Confirm with . or Enter, or press ? or * to list all spells.
Aiming: Magic Dart
Press: ? - help, Shift-Dir - straight line, f/p - gnoll
Aim: a gnoll, wielding a spear (heavily wounded)
The magic dart hits the gnoll.
The gnoll is heavily wounded.
The gnoll hits you from afar with a spear!
The gnoll hits you with a spear!
* * * LOW HITPOINT WARNING * * *
You barely miss the gnoll.
The gnoll is heavily wounded.
The gnoll closely misses you.
You closely miss the gnoll.
The gnoll is heavily wounded.
The gnoll hits you with a spear!
You die...

.. ###### ..#
#..... .. #.....
#.##
#########.....
..#
#.............
#.#
##.#######.....
##.######..#
#.....
#...gg@...##
###.##
........#)#######
#.# ..##..##.#
#.# ##. ...
###(## . # ###..
#..(.. .. ... #g.
#...##.. ..# ....
..# #....# ##.
..##... .. ..#.#
#> ...#..# # #..
#.


You could see 2 gnolls.

Vanquished Creatures
  An adder (D:2)
  5 gnolls (D:2)
  2 worms (D:2)
  An ooze (D:1)
  3 giant cockroaches
  6 hobgoblins
  9 kobolds
  9 bats
  3 giant geckos
  4 giant newts
  12 goblins
  4 rats
59 creatures vanquished.

Vanquished Creatures (collateral kills)
  A giant newt (D:1)
1 creature vanquished.

Grand Total: 60 creatures vanquished

Notes
Turn   | Place    | Note
--------------------------------------------------------------
     0 | D:1      | Max123, the High Elf Wizard, began the quest for the Orb.
     0 | D:1      | Reached XP level 1. HP: 11/11 MP: 5/5
   917 | D:1      | Upgraded the game from 0.16.1-28-gcc2312f to 0.16.1-29-g3e760ad
  1411 | D:1      | Reached skill level 4 in Spellcasting
  1641 | D:1      | Reached XP level 2. HP: 15/17 MP: 5/8
  1684 | D:1      | Learned a level 2 spell: Call Imp
  2993 | D:1      | Reached XP level 3. HP: 21/21 MP: 9/11
  3110 | D:1      | Learned a level 3 spell: Mephitic Cloud
  3169 | D:2      | Found a shattered altar of Ashenzari.
  3798 | D:2      | Reached XP level 4. HP: 24/27 MP: 0/15
  3972 | D:2      | Reached skill level 5 in Spellcasting
  4683 | D:2      | Slain by a gnoll

Action                   |  1- 3 |  4- 6 || total
-------------------------+-------+-------++-------
Melee: Unarmed           |    25 |       ||    25
       Dagger            |    12 |    14 ||    26
       Short sword       |       |     2 ||     2
Throw: Stone             |       |     2 ||     2
 Cast: Magic Dart        |   108 |    44 ||   152
       Call Imp          |     1 |       ||     1
  Use: Scroll            |     1 |       ||     1
  Eat: Bread ration      |     2 |       ||     2
       Chunk             |     2 |       ||     2
